 Dungeon Crawl Stone Soup version 0.23-a0-73-g64c3ba73d4 (webtiles) character file.

74 Holzbalken the Cudgeler (level 4, -7/28 HPs)
             Began as a Gargoyle Monk on Aug 10, 2018.
             Mangled by a gnoll
             ... wielding a +0 halberd
              (14 damage)
             ... on level 2 of the Dungeon.
             The game lasted 00:04:43 (1166 turns).

Holzbalken the Cudgeler (Gargoyle Monk)             Turns: 1166, Time: 00:04:44

Health: -7/28      AC:  6    Str: 15    XL:     4   Next: 28%
Magic:  4/4        EV: 12    Int: 11    God:
Gold:   38         SH:  0    Dex: 12    Spells: 3/3 levels left

rFire    + . .     SeeInvis .   a - +0 mace
rCold    . . .     Gourm    .   (no shield)
rNeg     + . .     Faith    .   b - +0 robe
rPois    ∞         Spirit   .   (no helmet)
rElec    +         Reflect  .   g - +0 cloak
rCorr    .         Harm     .   (no gloves)
MR       .....                  (no boots)
Stlth    ++........             (no amulet)
HPRegen  0.09/turn              j - ring of protection from fire
MPRegen  0.09/turn              (no ring)

@: no status effects
A: negative energy resistance 1, electricity resistance, unbreathing,
petrification resistance, rot immunity, AC +3
a: no special abilities


You were on level 2 of the Dungeon.
You were not hungry.

You visited 1 branch of the dungeon, and saw 2 of its levels.

You collected 38 gold pieces.

Inventory:

Hand Weapons
 a - a +0 mace (weapon)
Armour
 b - a +0 robe (worn)
 g - a +0 cloak (worn)
Jewellery
 j - a ring of protection from fire (left hand)
Scrolls
 e - 4 scrolls of identify {unknown}
 h - a scroll of immolation {unknown}
 i - a scroll of enchant weapon {unknown}
 k - a scroll of remove curse {unknown}
Potions
 d - 2 potions of degeneration {unknown}
 l - a potion of heal wounds {unknown}
 m - a potion of mutation {unknown}
Comestibles
 c - 3 rations
 f - 8 chunks of flesh


   Skills:
 - Level 3.2 Fighting
 + Level 5.0 Maces & Flails
 - Level 2.4 Dodging
 - Level 2.1 Stealth


You had 3 spell levels left.
You didn't know any spells.
Your spell library was empty.

Dungeon Overview and Level Annotations

Branches:
Dungeon (2/15)

Altars:
Ashenzari
Trog
Uskayaw


Innate Abilities, Weirdness & Mutations

You are resistant to torment.
Your stone body is resilient. (AC +3)
You are immune to poison.
You resist negative energy. (rN+)
You are resistant to electric shocks. (rElec)
You can survive without breathing.
You are immune to petrification.
You are immune to rotting.


Message History

The gnoll misses you.
The gnoll hits you from afar with a spear.
* * * LOW HITPOINT WARNING * * *
Unknown command.
You thump the gnoll!
You kill the gnoll!
Your Maces & Flails skill increases to level 5!
The gnoll hits you but does no damage. x2
You hit the hornet zombie.
The hornet zombie is lightly damaged.
The hornet zombie hits you but does no damage.
The gnoll barely misses you.
The gnoll hits you from afar with a spear.
* * * LOW HITPOINT WARNING * * *
The hornet zombie hits you but does no damage.
The hornet zombie barely misses you.
The hornet zombie completely misses you.
The gnoll hits you from afar with a halberd!
Ouch! That really hurt!
You die...

############ ..
#.......>..# .###
#..........# ..#
#..........# #.#
####.....(....#
#.###.............#
#.###.................#
#....).#.#......)......
##.@...(......<.....
#Z.#.#)###.....(...
#gg....###...((....
#.#######..........
####)# ##.#.#.#.#..
#...># #...........
#........# ....#.#.#.#..
#$_..........#.........÷
#.............#.#.#.#.#..


You could see 2 gnolls and a hornet zombie.

Vanquished Creatures
  A gnoll (D:2)
  An adder (D:2)
  2 oozes
  2 dart slugs (D:1)
  3 giant cockroaches
  7 goblins
  7 hobgoblins
  3 jackals
  A ball python (D:1)
  5 bats
  A frilled lizard (D:1)
  4 kobolds (D:1)
  2 rats (D:1)
39 creatures vanquished.

Notes
Turn   | Place    | Note
-------+----------+-------------------------------------------
     0 | D:1      | Holzbalken the Gargoyle Monk began the quest for the Orb.
     0 | D:1      | Reached XP level 1. HP: 14/14 MP: 1/1
    97 | D:1      | Reached XP level 2. HP: 6/19 MP: 2/2
   440 | D:1      | Reached skill level 4 in Maces & Flails
   596 | D:1      | Reached XP level 3. HP: 22/23 MP: 3/3
  1084 | D:2      | Reached XP level 4. HP: 20/28 MP: 4/4
  1151 | D:2      | Found a bloodstained altar of Trog.
  1154 | D:2      | Found a shattered altar of Ashenzari.
  1155 | D:2      | Found a hide-covered altar of Uskayaw.
  1160 | D:2      | Reached skill level 5 in Maces & Flails
  1166 | D:2      | Mangled by a gnoll

Vault maps used:
D:1:      mrwooster_arrival_arrow, st_stairs_1, hangedman_decor_riveting,
          kennysheep_pointless_box
D:2:      grunt_temple_overflow_open, serial_glass, glass_columns_c,
          glass_columns_a, glass_columns_a, glass_columns_c, glass_columns_b,
          glass_columns_a, glass_columns_b, glass_columns_a, glass_columns_c,
          glass_columns_c, feat_on_display, due_unseen_surprise, first_ration

Skill      XL: |  1  2  3  4 |
---------------+-------------+-----
Maces & Flails | 4 5 |  5.0
Fighting       | |  3.2
Dodging        | |  2.4
Stealth        | |  2.1

Action                   |  1- 3 |  4- 6 || total
-------------------------+-------+-------++-------
Melee: Mace              |   119 |    23 ||   142
 Stab: Sleeping          |     3 |       ||     3
  Eat: Chunk             |       |     1 ||     1
Armor: Robe              |    46 |     9 ||    55
Dodge: Dodged            |   120 |    20 ||   140

Table legend:
 A = Non-vault XP
 B = Vault XP
 C = Vault XP percentage of total XP
 D = Non-vault monster count
 E = Vault monster count
 F = Vault count percentage of total count
 G = Total turns spent on level
                 A         B        C        D         E       F
            +---------+---------+-------+---------+---------+-------
      Total |      96 |      10 |   9.4 |      36 |       3 |   7.7
            +---------+---------+-------+---------+---------+-------
        D:1 |      41 |      10 |  19.6 |      23 |       3 |  11.5
        D:2 |      55 |       0 |   0.0 |      13 |       0 |   0.0
            +---------+---------+-------+---------+---------+-------
